 Dungeon Crawl Stone Soup version 0.32-a0-938-g40ac7a0f4d (webtiles) character file.

Game seed: 14689026122817303910

458 ParallaxScroll the Nimble (level 7, -1/52 HPs)
             Began as a Gnoll Wanderer on Apr 16, 2024.
             Was an Initiate of Hepliaklqana.
             Splashed by a jelly's acid (5 damage)
             ... on level 5 of the Dungeon.
             The game lasted 00:17:28 (3495 turns).

ParallaxScroll the Nimble (Gnoll Wanderer)          Turns: 3495, Time: 00:17:29

Health: -1/52      AC:  6    Str: 12 (15) XL:     7   Next: 6%
Magic:  12/12      EV: 12    Int:  6 (9)  God:    Hepliaklqana [......]
Gold:   84         SH:  0    Dex:  9 (12) Spells: 13/13 levels left

rFire   . . .        r - +0 flail
rCold   . . .        (no shield)
rNeg    . . .        C - +0 swamp dragon scales
rPois   +            x - +0 helmet
rElec   .            (no cloak)
rCorr   .            (no gloves)
SInv    .            p - +1 pair of boots
Will    +....        (no amulet)
Stlth   +            (no ring)
HPRegen 0.28/turn    (no ring)
MPRegen 0.13/turn

%: no passive effects
@: brilliant, corroded, enlightened, flying
A: fangs 1, strong nose, distributed training
a: Renounce Religion


You were on level 5 of the Dungeon.
You worshipped Hepliaklqana.
Hepliaklqana was noncommittal.
You visited 1 branch of the dungeon, and saw 5 of its levels.

You collected 84 gold pieces.

Inventory:

Hand Weapons
 a - a +2 dagger of venom
 b - a +0 sling
 i - a +0 hand axe
 q - a +0 spear
 r - a +0 flail (weapon)
 y - a +0 dagger of holy wrath
Missiles
 c - 10 boomerangs (quivered)
 g - 33 stones
 h - 2 throwing nets
Armour
 p - a +1 pair of boots (worn)
 x - a +0 helmet (worn)
 C - +0 swamp dragon scales (worn)
Scrolls
 e - 2 scrolls of fog
 f - a scroll of identify {unknown}
 j - a scroll of enchant weapon {unknown}
 k - a scroll of noise {unknown}
 m - a scroll of blinking {unknown}
 u - a scroll of enchant armour
 v - a scroll of vulnerability {unknown}
 w - a scroll of brand weapon {unknown}
 B - a scroll of poison {unknown}
Potions
 s - 6 potions of curing


   Skills:
 + Level 3.5 Fighting
 + Level 2.3 Short Blades
 + Level 2.3 Long Blades
 + Level 2.3 Axes
 + Level 2.3 Maces & Flails
 + Level 3.5 Polearms
 + Level 2.3 Staves
 + Level 2.3 Ranged Weapons
 + Level 3.5 Throwing
 + Level 2.3 Armour
 + Level 10.7 Dodging
 + Level 3.3 Stealth
 + Level 2.3 Shields
 + Level 2.3 Unarmed Combat
 + Level 3.7 Spellcasting
 + Level 1.9 Conjurations
 + Level 1.9 Hexes
 + Level 1.9 Summonings
 + Level 1.9 Necromancy
 + Level 1.9 Translocations
 + Level 1.9 Fire Magic
 + Level 1.9 Ice Magic
 + Level 1.9 Air Magic
 + Level 1.9 Earth Magic
 + Level 1.9 Alchemy
 + Level 2.5 Invocations
 + Level 2.3 Evocations
 + Level 2.1 Shapeshifting


You had 13 spell levels left.
You didn't know any spells.
Your spell library contained the following spells:

 Spells                   Type           Power      Damage    Failure   Level
 Fugue of the Fallen      Necr           5%         N/A       71%         3
 Ozocubu's Armour         Ice            5%         N/A       71%         3
 Summon Ice Beast         Ice/Summ       5%         N/A       71%         3
 Summon Mana Viper        Hex/Summ       5%         N/A       100%        5
 Manifold Assault         Tloc           2%         N/A       100%        7
 Monstrous Menagerie      Summ           2%         N/A       100%        7


Dungeon Overview and Level Annotations

Branches:
Dungeon (5/15)
 Temple: D:4-7

Altars:
Hepliaklqana
The Shining One

Annotations:
D:3 2 transporters, BlackSun's ghost, amateur DrAr
D:4 Sigmund
D:5 1 transporter


Innate Abilities, Weirdness & Mutations

You have very sharp teeth.
Your uncanny sense of smell can sniff out nearby items.
Your experience applies equally to all skills.


Message History

The jelly is heavily wounded.
The jelly closely misses you.
You hit the jelly but do no damage.
Your hands burn!
The jelly is heavily wounded.
The jelly hits you but does no damage.
Your +2 dagger of venom stops dripping with poison.
r - a +0 flail (weapon)
You barely miss the jelly. You bite the jelly, but do no damage.
The jelly is heavily wounded.
The jelly hits you.
You are splashed with acid.
* * * LOW HITPOINT WARNING * * *
The jelly closely misses you.
It was a potion of cancellation.
Your magical effects are unravelling.
You feel magically purged.
You are no longer corroded.
The jelly jiggles.
The jelly hits you but does no damage.
It was a potion of brilliance.
You feel clever all of a sudden. The jelly barely misses you.
It was a potion of degeneration.
There was something very wrong with that liquid.
You feel weakened.
You feel dopey.
You feel clumsy. The jelly hits you but does no damage.
It was a potion of enlightenment.
You feel very buoyant.
You fly up into the air.
The jelly closely misses you.
It was a potion of magic.
Magic courses through your body. The jelly hits you.
* * * LOW HITPOINT WARNING * * *
You are splashed with acid!
* * * LOW HITPOINT WARNING * * *
Unknown command.
Unknown command.
Okay, then.
Unknown command.
Unknown command.
You hit the jelly. The acid corrodes you!
Your hands burn!
You die...
Hepliaklqana delivers you to your ancestors.

#.##(# #.##.#
#.##.# #.##.#
#.##.# #.##.#
#.##J#
###########.##@#
#...........##.#
#.#####........#
#.# #.########
..# #.# #.# #.#
#.# #.# #.# #.#
#.# #.#


You could see a jelly.

Vanquished Creatures
  3 scorpions
  A bombardier beetle (D:4)
  2 orc priests (D:3)
  Jessica (D:2)
  Robin (D:3)
  4 gnolls (D:2)
  4 adders
  A ribbon worm (D:2)
  A dart slug (D:2)
  3 orcs (D:3)
  7 endoplasms
  16 goblins
  10 hobgoblins
  4 jackals (D:1)
  A quokka (D:2)
  6 ball pythons
  2 frilled lizards
  6 kobolds
  6 rats
79 creatures vanquished.

Notes
Turn   | Place    | Note
-------+----------+-------------------------------------------
     0 | D:1      | Reached skill level 10 in Dodging
     0 | D:1      | ParallaxScroll the Gnoll Wanderer began the quest for the
                  | Orb.
     0 | D:1      | ParallaxScroll set off with the following items: a +0
                  | spear, a +2 leather armour, 10 boomerangs, a +0 dagger, a
                  | scroll of fog.
     0 | D:1      | Reached XP level 1. HP: 17/17 MP: 4/4
   246 | D:1      | Reached XP level 2. HP: 23/23 MP: 5/5
   751 | D:2      | Reached XP level 3. HP: 27/28 MP: 7/7
   793 | D:2      | Reached skill level 1 in Invocations
   925 | D:2      | Reached skill level 1 in Short Blades
   925 | D:2      | Reached skill level 1 in Long Blades
   925 | D:2      | Reached skill level 1 in Axes
   925 | D:2      | Reached skill level 1 in Maces & Flails
   925 | D:2      | Reached skill level 1 in Staves
   925 | D:2      | Reached skill level 1 in Ranged Weapons
   925 | D:2      | Reached skill level 1 in Armour
   925 | D:2      | Reached skill level 1 in Shields
   925 | D:2      | Reached skill level 1 in Unarmed Combat
   925 | D:2      | Reached skill level 1 in Evocations
   954 | D:2      | Noticed Jessica
   958 | D:2      | Reached skill level 1 in Shapeshifting
   958 | D:2      | Reached XP level 4. HP: 34/34 MP: 8/8
   969 | D:2      | Reached skill level 1 in Conjurations
   969 | D:2      | Reached skill level 1 in Hexes
   969 | D:2      | Reached skill level 1 in Summonings
   969 | D:2      | Reached skill level 1 in Necromancy
   969 | D:2      | Reached skill level 1 in Translocations
   969 | D:2      | Reached skill level 1 in Fire Magic
   969 | D:2      | Reached skill level 1 in Ice Magic
   969 | D:2      | Reached skill level 1 in Air Magic
   969 | D:2      | Reached skill level 1 in Earth Magic
   969 | D:2      | Reached skill level 1 in Alchemy
   975 | D:2      | Killed Jessica
  1235 | D:2      | Reached XP level 5. HP: 39/40 MP: 9/9
  1745 | D:3      | Found a transporter.
  1746 | D:3      | Noticed an ogre
  1749 | D:3      | Noticed BlackSun's ghost (amateur DrAr)
  1749 | D:3      | Noticed an ogre
  1751 | D:3      | Identified the +9 dire flail of the Abyss {holy, rElec
                  | Str+2 Int-4 Dex+3}
  1751 | D:3      | Noticed an ogre
  1781 | D:3      | Found a glowing golden altar of the Shining One.
  1781 | D:3      | Found a hazy altar of Hepliaklqana.
  1885 | D:3      | Found a transporter.
  1908 | D:3      | Became a worshipper of Hepliaklqana the Forgotten
  2043 | D:3      | Noticed Robin
  2052 | D:3      | Killed Robin
  2191 | D:3      | Reached XP level 6. HP: 19/47 MP: 9/11
  3371 | D:4      | Noticed Sigmund
  3375 | D:5      | Entered Level 5 of the Dungeon
  3375 | D:5      | Found a transporter.
  3432 | D:5      | Reached XP level 7. HP: 52/52 MP: 12/12
  3495 | D:5      | Splashed by a jelly's acid

Illustrated notes

Levels and vault maps discovered:
D:1:      lemuel_arrival_broad_hall, layout_basic, kennysheep_minor_cross,
          minmay_fountain_box
D:2:      layout_loops_ring, uniq_jessica
D:3:      wander_river, layout_loops_ring, nicolae_overflow_hidden_temple,
          gammafunk_temple_overflow_elements, gammafunk_ghost_smash,
          minmay_liquid_box, uniq_robin
D:4:      layout_basic, amethyst_overflow_temple_binary, uniq_pikel,
          uniq_eustachio, uniq_blork_the_orc, uniq_sigmund
D:5:      layout_basic, gammafunk_ghost_arena, uniq_edmund

Skill      XL: |  1  2  3  4  5  6 |
---------------+-------------------+-----
Dodging        | | 10.7
Invocations    | 1 2 |  2.5
Short Blades   | 1 2 |  2.3
Long Blades    | 1 2 |  2.3
Axes           | 1 2 |  2.3
Maces & Flails | 1 2 |  2.3
Staves         | 1 2 |  2.3
Ranged Weapons | 1 2 |  2.3
Armour         | 1 2 |  2.3
Shields        | 1 2 |  2.3
Unarmed Combat | 1 2 |  2.3
Evocations     | 1 2 |  2.3
Shapeshifting  | 1 2 |  2.1
Spellcasting   | 3 |  3.7
Conjurations   | 1 |  1.9
Hexes          | 1 |  1.9
Summonings     | 1 |  1.9
Necromancy     | 1 |  1.9
Translocations | 1 |  1.9
Fire Magic     | 1 |  1.9
Ice Magic      | 1 |  1.9
Air Magic      | 1 |  1.9
Earth Magic    | 1 |  1.9
Alchemy        | 1 |  1.9
Fighting       | 3 |  3.5
Polearms       | 3 |  3.5
Throwing       | 3 |  3.5
Stealth        | 3 |  3.3

Action                     |  1- 3 |  4- 6 |  7- 9 || total
---------------------------+-------+-------+-------++-------
  Melee: Dagger            |    76 |    91 |     7 ||   174
         Spear             |     3 |       |       ||     3
         Bite              |     9 |     7 |     4 ||    20
         Flail             |       |       |     2 ||     2
   Fire: Sling             |     4 |    56 |       ||    60
  Throw: Boomerang         |     2 |     4 |       ||     6
         Stone             |    10 |     1 |       ||    11
    Use: Scroll            |     1 |     2 |       ||     3
         Potion            |       |     2 |     5 ||     7
   Stab: Sleeping          |     3 |     3 |       ||     6
 Armour: Leather armour    |    21 |    40 |       ||    61
         Skin              |       |     5 |       ||     5
         Swamp dragon scal |       |     7 |    11 ||    18
  Dodge: Dodged            |    36 |    43 |     7 ||    86

Table legend: (Time is in decaauts)
 A = Elapsed time spent in this place.
 B = Non-inter-level travel time spent in this place.
 C = Inter-level travel time spent in this place.
 D = Time resting spent in this place.
 E = Time spent auto-exploring this place.
 F = Levels seen in this place.
 G = Mean time per level.
                   A        B        C        D        E       F      G
               +--------+--------+--------+--------+--------+-----+--------+
         Total |   3524 |   3318 |    206 |    348 |   2334 |   5 |  704.8 |
       Dungeon |   3524 |   3318 |    206 |    348 |   2334 |   5 |  704.8 |
               +--------+--------+--------+--------+--------+-----+--------+

Top non-repeatable levels by time:
     D:3: 1641 daAuts
     D:2: 893 daAuts
     D:1: 704 daAuts
     D:4: 167 daAuts
     D:5: 117 daAuts
